 Dungeon Crawl Stone Soup version 0.18-a0-1443-ge8f1551 (webtiles) character file.

30 Duffy the Chopper (level 3, 27/27 HPs)
             Began as a Demonspawn Gladiator on Mar 1, 2016.
             Quit the game on level 2 of the Dungeon.
             The game lasted 00:00:30 (491 turns).

Duffy the Chopper (Demonspawn Gladiator)             Turns: 491, Time: 00:00:30

Health: 27/27      AC: 11    Str: 16    XL:     3   Next: 3%
Magic:  3/3        EV:  5    Int:  9    God:
Gold:   36         SH:  0    Dex: 13    Spells: 0 memorised, 2 levels left

rFire  . . .     SeeInvis .     a - +0 war axe
rCold  . . .     Gourm    .     i - +0 plate armour
rNeg   . . .     Faith    .     (no shield)
rPois  .         Spirit   +     c - +0 helmet
rElec  .         Dismiss  .     (no cloak)
rCorr  .         Reflect  .     (no gloves)
SustAt .         Harm     .     (no boots)
MR     .....                    (no amulet)
Stlth  ..........               (no ring)
                                h - ring of loudness (curse)

@: not resistant to hostile enchantments, extremely unstealthy
A: talons 1, magic shield
a: no special abilities


You were on level 2 of the Dungeon.
You were not hungry.

You visited 1 branch of the dungeon, and saw 2 of its levels.

You collected 36 gold pieces.


Innate Abilities, Weirdness & Mutations

You have sharp toenails.
When hurt, damage is shared between your health and your magic reserves.


   Skills:
 - Level 2.0 Fighting
 + Level 3.8 Axes
 - Level 1.7 Throwing
 - Level 2.6 Dodging


You had 2 spell levels left.
You didn't know any spells.

Inventory:

Hand Weapons
 a - a +0 war axe (weapon)
Missiles
 d - 3 throwing nets (quivered)
Armour
 b - a +0 leather armour
 c - a +0 helmet (worn)
 i - a +0 plate armour (worn)
Jewellery
 h - a cursed ring of loudness (left hand)
Scrolls
 e - a scroll of identify {unknown}
 j - a scroll of fear {unknown}
Comestibles
 f - a bread ration
 g - a beef jerky

Dungeon Overview and Level Annotations

Branches:
Dungeon (2/15)

Altars:


Message History

You closely miss the giant gecko. You barely miss the kobold.
The kobold is severely wounded.
The adder bites you but does no damage. The giant gecko barely misses you.
The kobold barely misses you. The adder bites you but does no damage.
The giant gecko bites you.
Your plate armour prevents you from hitting the adder.
Your kick misses the adder.
The adder is almost dead.
You miss the giant gecko. You slash the kobold!
You kill the kobold!
The adder bites you.
The giant gecko bites you but does no damage.
The adder bites you.
The giant gecko bites you but does no damage.
You slash the adder!
You kill the adder!
You miss the giant gecko.
The giant gecko bites you but does no damage.
The giant gecko barely misses you.
You see here an adder corpse.
The giant gecko bites you but does no damage.
You closely miss the giant gecko.
The giant gecko bites you but does no damage.
You miss the giant gecko. Your kick misses the giant gecko.
The giant gecko barely misses you.
The giant gecko bites you but does no damage.
You slash the giant gecko!
You kill the giant gecko!
You have reached level 3!
Your experience leads to an increase in your attributes!
Increase (S)trength, (I)ntelligence, or (D)exterity?
You feel stronger.
Your demonic ancestry asserts itself...
You feel your magical essence form a protective shroud around your flesh.
Found a hand axe.
Are you sure you want to abandon this character and quit the game? (Confirm with "yes".)

.....# #......# ..
.....#...#......#####..
.....#...#......#......
.....#...#......#....#
.....#...#...........
.....#...#...........
.....#...+.......#######
.....#...#..............
.[...#....%.##.#@.......
..........%.##.#........
......#...%.##.#........
...<..########.##.......
......# #.# .......
#.#+#.# ..# ....... #.#
#.# ... ....... #. #.#
... )...... #. #.#


There were no monsters in sight!

Action                   || total
-------------------------++-------
Melee: War axe           ||    34
 Stab: Sleeping          ||     1

Notes
Turn   | Place    | Note
--------------------------------------------------------------
     0 | D:1      | Duffy the Demonspawn Gladiator began the quest for the Orb.
     0 | D:1      | Reached XP level 1. HP: 16/16 MP: 1/1
     2 | D:1      | Noticed a ghoul
     4 | D:1      | Noticed an ogre
     4 | D:1      | Noticed a naga
     6 | D:1      | Noticed a demonspawn
     8 | D:1      | Noticed a demigod
     8 | D:1      | Noticed an octopode
    10 | D:1      | Noticed a halfling
    10 | D:1      | Noticed a tengu
    12 | D:1      | Noticed a centaur
    12 | D:1      | Noticed a human
    14 | D:1      | Noticed an elf
    14 | D:1      | Noticed a vampire
    16 | D:1      | Noticed a felid
    16 | D:1      | Noticed a troll
    18 | D:1      | Noticed a minotaur
    20 | D:1      | Noticed a dwarf
    20 | D:1      | Noticed a formicid
    22 | D:1      | Noticed a merfolk
    22 | D:1      | Noticed a gargoyle
    24 | D:1      | Noticed a draconian
    24 | D:1      | Noticed a spriggan
    26 | D:1      | Noticed a vine stalker
    36 | D:1      | Reached skill level 3 in Axes
    36 | D:1      | Gained mutation: You have sharp toenails. [demonic ancestry]
    36 | D:1      | Reached XP level 2. HP: 15/22 MP: 2/2
   332 | D:2      | Gained mutation: When hurt, damage is shared between your health and your magic reserves. [demonic ancestry]
   332 | D:2      | Reached XP level 3. HP: 13/27 MP: 3/3
   491 | D:2      | Quit the game

Vault maps used:
D:1:      kb_arrival_jail, minivault_24, moated_statue
D:2:      xom_teletrap_fun, ecumenical_altar_2, uniq_sigmund, uniq_natasha

Vanquished Creatures
  A gnoll
  An adder
  A giant gecko
  A bat
  3 hobgoblins
  2 kobolds
  A ball python
  A giant newt
11 creatures vanquished.
